 Dungeon Crawl Stone Soup version 0.19.4 (console) character file.

1103 Kloppie the Fighter (level 8, 0/71 HPs)
             Began as a Minotaur Fighter on Feb 2, 2017.
             Was a Believer of Hepliaklqana.
             Slain by Pikel
             ... wielding a +0 whip of flaming
              (1 damage)
             ... on level 6 of the Dungeon.
             The game lasted 00:07:03 (4837 turns).

Kloppie the Fighter (Minotaur Fighter)              Turns: 4837, Time: 00:07:04

Health: 0/71       AC:  6    Str: 22    XL:     8   Next: 10%
Magic:  7/7        EV:  7    Int:  5    God:    Hepliaklqana [**....]
Gold:   303        SH:  9    Dex: 11    Spells: 0 memorised, 7 levels left

rFire  . . .     SeeInvis .     a - +0 war axe
rCold  . . .     Gourm    .     b - +0 scale mail
rNeg   . . .     Faith    .     c - +0 shield
rPois  .         Spirit   .     (helmet restricted)
rElec  .         Reflect  .     (no cloak)
rCorr  .         Harm     .     (no gloves)
MR     .....                    (no boots)
Stlth  ..........               (no amulet)
                                (no ring)
                                (no ring)

@: no status effects
A: retaliatory headbutt, reduced essence, horns 2
a: Recall Ancestor, Ancestor Identity, Renounce Religion


You were on level 6 of the Dungeon.
You worshipped Hepliaklqana.
Hepliaklqana was pleased with you.
You were not hungry.

You visited 1 branch of the dungeon, and saw 6 of its levels.
You also visited: Sewer.

You collected 303 gold pieces.

Inventory:

Hand Weapons
 a - a +0 war axe (weapon)
 B - a cursed +0 broad axe
Armour
 b - a +0 scale mail (worn)
 c - a +0 shield (worn)
Jewellery
 w - a cursed ring of teleportation {unknown}
Wands
 q - a wand of flame (22/48)
Scrolls
 h - 13 scrolls of identify {unknown}
 m - 2 scrolls of enchant weapon {unknown}
 n - 4 scrolls of teleportation
 p - 4 scrolls of remove curse {unknown}
 s - 2 scrolls of fog {unknown}
 t - 2 scrolls of amnesia {unknown}
 y - 2 scrolls of recharging {unknown}
 D - a scroll of enchant armour {unknown}
Potions
 d - 2 potions of might
 e - 2 potions of degeneration {unknown}
 g - a potion of cure mutation {unknown}
 j - a potion of cancellation {unknown}
 k - 7 potions of flight
 l - 4 potions of curing {unknown}
 r - 2 potions of lignification {unknown}
 u - a potion of haste {unknown}
 v - a potion of agility {unknown}
 x - a potion of invisibility {unknown}
 z - 2 potions of heal wounds {unknown}
 A - a potion of mutation {unknown}
 E - a potion of magic {unknown}
Books
 i - a book of Callings

   Spells                             Type                      Level
   a - Summon Small Mammal            Summoning                    1
   b - Call Imp                       Summoning                    2
   c - Call Canine Familiar           Summoning                    3
   d - Summon Guardian Golem          Hexes/Summoning              3
   e - Summon Lightning Spire         Summoning/Air                4
   f - Summon Ice Beast               Ice/Summoning                4
 o - a book of Maledictions

   Spells                             Type                      Level
   a - Corona                         Hexes                        1
   b - Ensorcelled Hibernation        Hexes/Ice                    2
   c - Confuse                        Hexes                        3
   d - Tukima's Dance                 Hexes                        3
   e - Dazzling Spray                 Conjuration/Hexes            3
Comestibles
 f - 5 bread rations
 C - 17 chunks of flesh


   Skills:
 * Level 10.0 Fighting
 + Level 7.0 Axes
 - Level 3.6 Armour
 - Level 3.6 Shields


You had 7 spell levels left.
You didn't know any spells.

Dungeon Overview and Level Annotations

Branches:
Dungeon (6/15)
 Temple: D:4-7

Altars:
Hepliaklqana
Kikubaaqudgha

Annotations:
D:2 1 runed door
D:6 Dowan, Pikel


Innate Abilities, Weirdness & Mutations

You reflexively headbutt those who attack you in melee.
You have a pair of horns on your head.
Your life essence is reduced. (-10% HP)


Message History

Pikel is moderately wounded.
Hrothgar blocks the slave's attack.
You block Pikel's attack.
Dowan points at you and mumbles some strange words.
Hrothgar blocks the shard of ice.
Hrothgar closely misses Dowan.
You hit Pikel.
Pikel is heavily wounded.
Dowan hits you from afar with a shimmering trident {freeze}!
* * * LOW HITPOINT WARNING * * *
Dowan freezes you.
* * * LOW HITPOINT WARNING * * *
The slave hits Hrothgar.
You block Pikel's attack.
Dowan hits you from afar with a shimmering trident {freeze}.
* * * LOW HITPOINT WARNING * * *
Dowan freezes you.
* * * LOW HITPOINT WARNING * * *
Hrothgar misses Dowan.
Hrothgar blocks the slave's attack.
Pikel hits you with a whip of flaming.
* * * LOW HITPOINT WARNING * * *
Pikel burns you.
You die...

*,** *,,, **** ******** *,,,
*,,,,,,* *,,, *,,,,,,* *,,,
*,,,,,,* ****** *,,,
**,,,,,.##############..,,****,,,
,,,,,,,.........@Re.....,,,,,,,,,
***,,,,*#.###.)..Kp###O),,*,,,***
*,,,,,#.###......#*,,,,,*,,,* *
*,,,..#..........#*,,,,,*,,,* *
#................#*,,,,,,,,,***
##.....##......######,*,,,,,,**,
#......#######..#...#,*,,,,,,**,
#..........##.......#.#,,,,,,**,
#...................#.#,,,,,,***


You could see the friendly Hrothgar the knight, Pikel, an ogre, a slave and
Dowan.

Vanquished Creatures
  Duvessa (D:6)
  3 slaves (D:6)
  An ogre (D:5)
  A howler monkey (D:4)
  2 crimson imps (D:5)
  A hound (D:4)
  A bullfrog zombie (D:5)
  4 orc wizards (D:5)
  An iguana (D:4)
  Natasha (thrice) (D:2)
  A siren (Sewer)
  A worker ant (D:6)
  A hound skeleton (D:4)
  Robin (D:2)
  3 gnolls (D:6)
  6 adders
  5 river rats
  A shadow imp (D:6)
  An ooze (D:4)
  An adder zombie (D:5)
  2 adder skeletons (D:4)
  2 worms
  4 dart slugs
  8 leopard geckos
  11 orcs
  6 ball pythons
  6 giant cockroaches
  15 goblins
  7 hobgoblins
  12 jackals
  4 kobolds
  3 quokkas
  5 bats
  6 frilled lizards
  A jackal skeleton (D:5)
  A quokka skeleton (D:4)
  27 rats
159 creatures vanquished.

Vanquished Creatures (collateral kills)
  An ogre (D:6)
  A bullfrog zombie (D:6)
  A merfolk avatar (Sewer)
  An adder (Sewer)
  A worm (D:4)
  2 orcs (D:5)
  A giant cockroach (Sewer)
  A jackal (D:5)
  3 frilled lizards
  2 rats (Sewer)
14 creatures vanquished.

Vanquished Creatures (others)
  A human (D:2)
  2 ancestors
3 creatures vanquished.

Grand Total: 176 creatures vanquished

Notes
Turn   | Place    | Note
-------+----------+-------------------------------------------
     0 | D:1      | Kloppie the Minotaur Fighter began the quest for the Orb.
     0 | D:1      | Reached XP level 1. HP: 19/19 MP: 0/0
    52 | D:1      | Reached skill level 4 in Fighting
   154 | D:1      | Reached XP level 2. HP: 27/27 MP: 1/1
   364 | D:2      | Noticed Robin
   370 | D:2      | Reached XP level 3. HP: 29/34 MP: 2/2
   375 | D:2      | Killed Robin
   595 | D:2      | Found a runed door.
   701 | D:2      | Found an ancient bone altar of Kikubaaqudgha.
   702 | D:2      | Noticed a human
   705 | D:2      | Killed a human
   837 | D:2      | Reached skill level 5 in Fighting
   903 | D:2      | Noticed Natasha
   916 | D:2      | Killed Natasha
   916 | D:2      | Reached XP level 4. HP: 37/42 MP: 3/3
   972 | D:2      | Noticed Natasha
   977 | D:2      | Killed Natasha
  1019 | D:2      | Noticed Natasha
  1024 | D:2      | Killed Natasha
  1024 | D:2      | Reached XP level 5. HP: 32/50 MP: 4/4
  1235 | D:3      | Reached skill level 6 in Fighting
  1576 | D:3      | Found a faded altar of an unknown god.
  1771 | D:3      | Found a hazy altar of Hepliaklqana.
  2153 | D:3      | Became a worshipper of Hepliaklqana the Forgotten
  2430 | D:4      | Reached skill level 5 in Axes
  2464 | D:4      | Reached * piety under Hepliaklqana
  2470 | D:4      | Reached XP level 6. HP: 43/52 MP: 5/5
  2486 | D:4      | Reached skill level 7 in Fighting
  2912 | D:5      | Entered Level 5 of the Dungeon
  3333 | D:5      | Reached ** piety under Hepliaklqana
  3458 | D:5      | Reached skill level 8 in Fighting
  3458 | D:5      | Reached XP level 7. HP: 24/61 MP: 6/6
  3686 | D:5      | Remembered your ancestor Hrothgar as a knight
  4057 | D:6      | Found a glowing drain.
  4079 | Sewer    | Entered a sewer
  4257 | Sewer    | Reached skill level 9 in Fighting
  4821 | D:6      | Noticed Duvessa
  4826 | D:6      | Noticed Dowan
  4827 | D:6      | Noticed Pikel
  4833 | D:6      | Killed Duvessa
  4833 | D:6      | Reached XP level 8. HP: 55/71 MP: 7/7
  4835 | D:6      | Reached skill level 10 in Fighting
  4837 | D:6      | HP: 1/71 [Pikel/whip of flaming (5)]
  4837 | D:6      | Slain by Pikel

Skill      XL: |  1  2  3  4  5  6  7  8 |
---------------+-------------------------+-----
Fighting       | 4 5 6 8 9 10 | 10.0
Axes           | 3 4 5 7 |  7.0
Armour         | |  3.6
Shields        | |  3.6

Action                   |  1- 3 |  4- 6 |  7- 9 || total
-------------------------+-------+-------+-------++-------
Melee: War axe           |    71 |   157 |   174 ||   402
       Headbutt          |     7 |    23 |    24 ||    54
Invok: Recall Ancestor   |       |     1 |       ||     1
       Ancestor Life: Kn |       |       |     1 ||     1
  Use: Scroll            |       |       |     1 ||     1
  Eat: Chunk             |       |     8 |     5 ||    13
Armor: Scale mail        |    27 |    61 |    59 ||   147
Dodge: Dodged            |    25 |    36 |    48 ||   109
Block: Shield            |    39 |    79 |    64 ||   182
